 Dungeon Crawl Stone Soup version 0.30.1-9-gdf580d7c3d (webtiles) character file.

Game seed: 3081365113856477492

200 Peloso the Covered (level 5, -2/47 HPs)
             Began as a Minotaur Fighter on Oct 17, 2023.
             Slain by Grinder (4 damage)
             ... on level 3 of the Dungeon.
             The game lasted 00:03:13 (1996 turns).

Peloso the Covered (Minotaur Fighter)               Turns: 1996, Time: 00:03:13

Health: -2/47      AC: 13    Str: 21    XL:     5   Next: 49%
Magic:  4/4        EV:  6    Int:  5    God:
Gold:   99         SH:  4    Dex: 11    Spells: 4/4 levels left

rFire   . . .        a - +0 long sword
rCold   . . .        d - +0 buckler
rNeg    . . .        c - +0 plate armour
rPois   .            (helmet restricted)
rElec   .            (no cloak)
rCorr   .            n - +0 pair of gloves
SInv    .            (no boots)
Will    .....        (no amulet) Stlth
                     (no ring)
HPRegen 0.27/turn    (no ring)
MPRegen 0.09/turn

%: no passive effects
@: no status effects
A: horns 2, retaliatory headbutt
a: no special abilities


You were on level 3 of the Dungeon.
You visited 1 branch of the dungeon, and saw 3 of its levels.

You collected 99 gold pieces.

Inventory:

Hand Weapons
 a - a +0 long sword (weapon)
Armour
 b - a +0 scale mail
 c - a +0 plate armour (worn)
 d - a +0 buckler (worn)
 n - a +0 pair of gloves (worn)
Jewellery
 h - an amulet of magic regeneration
Scrolls
 e - a scroll of teleportation {unknown}
 g - a scroll of enchant weapon {unknown}
 k - a scroll of blinking {unknown}
 o - a scroll of identify {unknown}
 q - a scroll of magic mapping {unknown}
 r - a scroll of immolation {unknown}
Potions
 f - a potion of magic
 i - a potion of cancellation {unknown}
 j - a potion of berserk rage {unknown}
 l - a potion of might
 m - a potion of ambrosia
 p - 2 potions of lignification {unknown}
 t - a potion of degeneration {unknown}


   Skills:
 + Level 4.3 Fighting
 + Level 4.1 Long Blades
 + Level 5.4 Armour
 + Level 0.9 Dodging
 + Level 0.6 Stealth
 + Level 4.3 Shields


You had 4 spell levels left.
You didn't know any spells.
Your spell library contained the following spells:

 Spells                   Type           Power      Damage    Failure   Level
 Apportation              Tloc           0%         N/A       100%        1
 Static Discharge         Conj/Air       0%         2-2/arc   100%        2
 Airstrike                Air            0%         2d(0-16)  100%        4
 Summon Lightning Spire   Summ/Air       0%         N/A       100%        4
 Alistair's Intoxication  Tmut/Pois      0%         N/A       100%        5


Dungeon Overview and Level Annotations

Branches:
Dungeon (3/15)

Altars:
Makhleb

Annotations:
D:3 Grinder


Innate Abilities, Weirdness & Mutations

You have a pair of horns on your head.
You reflexively headbutt those who attack you in melee.


Message History

Unknown command.
You hit Grinder.
Grinder is heavily wounded.
Grinder hits you but does no damage. Grinder gestures at you.
You resist with significant effort.
Unknown command.
You slash Grinder!
Grinder is severely wounded.
Grinder hits you but does no damage.
Unknown command.
You feel better.
A ball python comes into view.
Grinder hits you!
* * * LOW HITPOINT WARNING * * *
You writhe in agony.
* * * LOW HITPOINT WARNING * * *
Unknown command.
You hit Grinder. Your headbutt misses Grinder.
Grinder is severely wounded.
Grinder says, "Wait up."
Grinder barely misses you. You furiously retaliate!
You headbutt Grinder.
Unknown command.
You closely miss Grinder.
Grinder is severely wounded.
Grinder barely misses you.
Unknown command.
You slash Grinder!
Grinder is almost dead.
Grinder barely misses you.
Unknown command.
You closely miss Grinder.
Grinder is almost dead.
The ball python bites you but does no damage.
You block the ball python's attack. Grinder barely misses you.
You block the ball python's attack. The ball python closely misses you.
Grinder hits you.
* * * LOW HITPOINT WARNING * * *
You writhe in agony.
You die...

...........#........##.
..........##........#
#.####.##..[........
#.†........##.......
###........# #.....#
...........# ##..#.
...#.##....## #..#
..##........####S.# ..
(.##..#.......##@## ...
..#.>.#....##....5#####...
.......†..................
..≈≈≈≈..####.._..####..≈≈≈
........................).
.......####.....##..####.
.......# ####.........#
.........##....###...#.##
########.)...######.....##


You could see Grinder and a ball python.

Vanquished Creatures
  Natasha (thrice) (D:3)
  4 adders
  4 gnolls (D:3)
  A worm (D:2)
  A dart slug (D:2)
  5 bats
  3 endoplasms
  A giant cockroach (D:3)
  A goblin (D:2)
  6 hobgoblins
  2 jackals (D:2)
  4 kobolds
  2 quokkas (D:2)
  6 ball pythons
  2 frilled lizards
  8 rats
53 creatures vanquished.

Notes
Turn   | Place    | Note
-------+----------+-------------------------------------------
     0 | D:1      | Peloso the Minotaur Fighter began the quest for the Orb.
     0 | D:1      | Reached XP level 1. HP: 19/19 MP: 0/0
   210 | D:1      | Reached XP level 2. HP: 26/27 MP: 1/1
   228 | D:1      | Reached skill level 4 in Armour
   783 | D:2      | Reached XP level 3. HP: 33/33 MP: 2/2
   983 | D:2      | Found a faded altar of an unknown god.
  1756 | D:3      | Reached XP level 4. HP: 30/40 MP: 3/3
  1800 | D:3      | Found a burning altar of Makhleb.
  1831 | D:3      | Noticed Natasha
  1841 | D:3      | Killed Natasha
  1902 | D:3      | Reached XP level 5. HP: 32/46 MP: 4/4
  1913 | D:3      | Noticed Natasha
  1922 | D:3      | Killed Natasha
  1923 | D:3      | Reached skill level 5 in Armour
  1926 | D:3      | Noticed Natasha
  1929 | D:3      | Killed Natasha
  1979 | D:3      | Noticed Grinder
  1984 | D:3      | Paralysed by Grinder for 3 turns
  1996 | D:3      | HP: 2/47 [Grinder (6)]
  1996 | D:3      | Slain by Grinder

Illustrated notes

Levels and vault maps discovered:
D:1:      dpeg_arrival_another_circle, layout_loops_cross
D:2:      layout_basic, basic_ecumenical_altar
D:3:      layout_rooms, mainiacjoe_overflow_boulevard, uniq_ijyb, uniq_grinder,
          uniq_natasha

Skill      XL: |  1  2  3  4  5 |
---------------+----------------+-----
Armour         | 4 5 |  5.4
Shields        | 4 |  4.3
Long Blades    | 3 4 |  4.1
Fighting       | 4 |  4.3
Dodging        | |  0.9
Stealth        | |  0.6

Action                     |  1- 3 |  4- 6 || total
---------------------------+-------+-------++-------
  Melee: Long sword        |    91 |    47 ||   138
         Headbutt          |     9 |     8 ||    17
    Use: Potion            |     3 |     1 ||     4
         Scroll            |     1 |       ||     1
 Armour: Scale mail        |    35 |       ||    35
         Plate armour      |    25 |    35 ||    60
  Dodge: Dodged            |    42 |    20 ||    62
  Block: Buckler           |    26 |     8 ||    34
